 Dungeon Crawl Stone Soup version 0.30.0 (webtiles) character file.

Game seed: 14932309805518732316

8 Dani the Trooper (level 2, 24/24 HPs)
             Began as a Demonspawn Fighter on May 20, 2023.
             Quit the game on level 1 of the Dungeon.
             The game lasted 00:00:25 (427 turns).

Dani the Trooper (Demonspawn Fighter)                Turns: 427, Time: 00:00:26

Health: 24/24      AC:  6    Str: 16    XL:     2   Next: 0%
Magic:  2/2        EV:  8    Int:  9    God:
Gold:   46         SH:  4    Dex: 12    Spells: 1/1 levels left

rFire   . . .        a - +0 war axe
rCold   . . .        c - +0 buckler
rNeg    . . .        b - +0 scale mail
rPois   .            (no helmet)
rElec   .            (no cloak)
rCorr   .            (no gloves)
SInv    .            (no boots)
Will    .....        (no amulet) Stlth
                     (no ring)
HPRegen 0.24/turn    (no ring)
MPRegen 0.08/turn

%: no passive effects
@: no status effects
A: weakness stinger 1
a: no special abilities


You were on level 1 of the Dungeon.
You visited 1 branch of the dungeon, and saw 1 of its levels.

You collected 46 gold pieces.

Inventory:

Hand Weapons
 a - a +0 war axe (weapon)
Armour
 b - a +0 scale mail (worn)
 c - a +0 buckler (worn)
Potions
 d - a potion of might


   Skills:
 - Level 3.0 Fighting
 + Level 2.5 Axes
 - Level 2.6 Armour
 - Level 2.6 Shields


You had one spell level left.
You didn't know any spells.
Your spell library contained the following spells:

 Spells                   Type           Power      Damage    Failure   Level
 Petrify                  Tmut/Erth      0%         N/A       100%        4
 Metabolic Englaciation   Hex/Ice        0%         N/A       100%        5
 Statue Form              Tmut/Erth      0%         N/A       100%        6


Dungeon Overview and Level Annotations

Branches:
Dungeon (1/15)

Altars:


Innate Abilities, Weirdness & Mutations

You have a small tail.


Message History

No target in view!
Key pressed, stopping explore.
No target in view!
Key pressed, stopping explore.
No target in view!
Key pressed, stopping explore.
No target in view!
Key pressed, stopping explore.
No target in view!
Key pressed, stopping explore.
No target in view!
Key pressed, stopping explore.
No target in view!
No target in view!
Key pressed, stopping explore.
No target in view!
Found a robe.
No target in view!
A bat comes into view.
The bat moves out of view.
No target in view!
A bat and a dart slug come into view.
The bat barely misses you. The bat closely misses you.
The dart slug moves out of view.
The bat hits you but does no damage. x2
A bat is nearby!
You closely miss the bat. The bat barely misses you.
A bat is nearby!
You closely miss the bat. The bat hits you but does no damage.
A bat is nearby!
A bat is nearby!
The bat hits you but does no damage. x2
A bat is nearby!
You completely miss the bat. The bat hits you but does no damage.
You block the bat's attack.
You completely miss the bat. The bat hits you but does no damage.
There are monsters nearby!
You barely miss the bat. You block the bat's attack.
There are monsters nearby!
You hit the dart slug.
The dart slug is heavily wounded.
The bat barely misses you. The bat hits you but does no damage.
The dart slug bites you but does no damage.
There are monsters nearby!
You slash the dart slug!
You kill the dart slug!
You miss the bat. The bat hits you but does no damage.
The bat completely misses you. The bat hits you.
Your Axes skill increases to level 2!
A bat is nearby!
The bat hits you but does no damage.
A bat is nearby!
You barely miss the bat. You block the bat's attack.
You hit the bat.
The bat is heavily wounded.
The bat hits you but does no damage.
A bat is nearby!
You hit the bat.
You kill the bat!
Key pressed, stopping explore.
No target in view!
You now have 46 gold pieces (gained 13).
Key pressed, stopping explore.
No target in view!
You see here a +0 robe.
Key pressed, stopping explore.
No target in view!
A goblin comes into view. It is wielding a +0 dagger.
The goblin shouts!
A goblin is nearby!
A goblin is nearby!
The goblin hits you with a +0 dagger.
A goblin is nearby!
You slash the goblin!
You kill the goblin!
You see here a +0 dagger.
Key pressed, stopping explore.
No target in view!
You see here a +0 dagger.
Key pressed, stopping explore.
No target in view!
A ball python comes into view.
The ball python hisses angrily.
You closely miss the ball python. You block the ball python's attack.
The ball python completely misses you.
A ball python is nearby!
You slash the ball python!
You kill the ball python!
You have reached level 2!
Your demonic ancestry asserts itself...
You grow a small tail.
You see here a ball python corpse.
Key pressed, stopping explore.
Key pressed, stopping explore.
Key pressed, stopping explore.
A ball python comes into view.
The ball python hisses angrily.
You hear a shout!
A hobgoblin comes into view.
There are monsters nearby!
Are you sure you want to abandon this character and quit the game? (Confirm with "yes".)

######### #.......#
#.#####.# #.# #.#
#@#####.#####
..................#
..S.##...####.###.#
g. ..... #.# #.#
##...## #.# #.#
##... ..# #.# #.##
### #.# #.# #.#
#.#####


You could see a hobgoblin and a ball python.

Vanquished Creatures
  A dart slug (D:1)
  A bat (D:1)
  A goblin (D:1)
  2 ball pythons (D:1)
  A frilled lizard (D:1)
6 creatures vanquished.

Notes
Turn   | Place    | Note
-------+----------+-------------------------------------------
     0 | D:1      | Dani the Demonspawn Fighter began the quest for the Orb.
     0 | D:1      | Reached XP level 1. HP: 18/18 MP: 1/1
   351 | D:1      | Reached skill level 2 in Axes
   397 | D:1      | Gained mutation: You have a small tail. [demonic ancestry]
   397 | D:1      | Reached XP level 2. HP: 24/24 MP: 2/2
   427 | D:1      | Quit the game

Illustrated notes

Levels and vault maps discovered:
D:1:      minmay_arrival_widening_spiral_narrow, layout_loops_corners

Skill      XL: |  1 |
---------------+----+-----
Axes           | 2 |  2.5
Fighting       | |  3.0
Armour         | |  2.6
Shields        | |  2.6

Action                     || total
---------------------------++-------
  Melee: War axe           ||    22
 Armour: Scale mail        ||    13
  Dodge: Dodged            ||    13
  Block: Buckler           ||     4

Levels and vault maps discovered:
D:1:      minmay_arrival_widening_spiral_narrow, layout_loops_corners

Table legend: (Time is in decaauts)
 A = Elapsed time spent in this place.
 B = Non-inter-level travel time spent in this place.
 C = Inter-level travel time spent in this place.
 D = Time resting spent in this place.
 E = Time spent auto-exploring this place.
 F = Levels seen in this place.
 G = Mean time per level.
                   A        B        C        D        E       F      G
               +--------+--------+--------+--------+--------+-----+--------+
         Total |    436 |    436 |      0 |      0 |    383 |   1 |  436.0 |
       Dungeon |    436 |    436 |      0 |      0 |    383 |   1 |  436.0 |
               +--------+--------+--------+--------+--------+-----+--------+

Top non-repeatable levels by time:
     D:1: 436 daAuts

Table legend:
 A = Kills in this place as a percentage of kills in the entire game.
 B = Kills by you in this place as a percentage of kills by you in the entire game.
 C = Kills by friends in this place as a percentage of kills by friends in the entire game.
 D = Other kills in this place as a percentage of other kills in the entire game.
 E = Experience gained in this place as a percentage of experience gained in the entire game.
 F = Experience gained in this place divided by the number of levels of this place that you have seen.
                   A       B       C       D       E      F
               +-------+-------+-------+-------+-------+----------------------
         Total | 100.0 | 100.0 |   N/A |   N/A | 100.0 |  12.0
       Dungeon | 100.0 | 100.0 |   N/A |   N/A | 100.0 |  12.0
               +-------+-------+-------+-------+-------+----------------------
